 Dungeon Crawl Stone Soup version 0.22.0-40-g68aacdc4c8 (webtiles) character file.

114 4FPSwarrior the Ruffian (level 4, -3/35 HPs)
             Began as a Draconian Transmuter on Aug 31, 2018.
             Slain by a worker ant (5 damage)
             ... on level 3 of the Dungeon.
             The game lasted 00:11:57 (2926 turns).

4FPSwarrior the Ruffian (Draconian Transmuter)      Turns: 2926, Time: 00:11:57

Health: -3/35      AC:  6    Str: 13    XL:     4   Next: 66%
Magic:  7/7        EV: 12    Int: 13    God:
Gold:   105        SH:  0    Dex: 12    Spells: 4/7 levels left

rFire    . . .     SeeInvis .     - Unarmed
rCold    . . .     Gourm    .   (no shield)
rNeg     . . .     Faith    .   (armour unavailable)
rPois    .         Spirit   .   (helmet restricted)
rElec    .         Reflect  .   n - +0 cloak
rCorr    .         Harm     .   (no gloves)
MR       .....                  (no boots)
Stlth    +.........             (no amulet)
HPRegen  0.11/turn              (no ring)
MPRegen  0.10/turn              (no ring)

@: no status effects
A: unfitting armour, cold-blooded, AC +5
a: no special abilities


You were on level 3 of the Dungeon.
You were not hungry.

You visited 1 branch of the dungeon, and saw 3 of its levels.

You collected 105 gold pieces.

Inventory:

Missiles
 a - 57 arrows
 d - 95 stones
 i - a javelin (quivered)
 j - 9 sling bullets
Armour
 n - a +0 cloak (worn)
Scrolls
 e - 4 scrolls of identify {unknown}
 f - a scroll of magic mapping {unknown}
 l - a scroll of random uselessness {unknown}
 m - a scroll of fear {unknown}
 o - a scroll of noise {unknown}
Potions
 b - a potion of invisibility {unknown}
 g - a potion of haste
 k - a potion of flight {unknown}
 q - a potion of lignification {unknown}
Comestibles
 c - 7 rations
 h - 2 chunks of flesh


   Skills:
 - Level 1.1 Fighting
 - Level 1.7 Dodging
 + Level 5.5 Unarmed Combat
 - Level 2.0 Spellcasting
 - Level 2.0 Transmutations


You had 4 spell levels left.
You knew the following spells:

 Your Spells              Type           Power        Failure   Level  Hunger
a - Beastly Appendage     Tmut           #.....       11%         1    ##.....
b - Sticks to Snakes      Tmut           #.......     17%         2    ###....

Your spell library contained the following spells:

 Spells                   Type           Power        Failure   Level  Hunger
 Spider Form              Tmut/Pois      #.........   45%         3    ####...
 Ice Form                 Ice/Tmut       #.......     86%         4    #####..
 Blade Hands              Tmut           #.........   97%         5    ######.


Dungeon Overview and Level Annotations

Branches:
Dungeon (3/15)

Altars:
Cheibriados
Kikubaaqudgha
Wu Jian

Annotations:
D:3 2 transporters, P0WERM0DE's ghost, weakling DDFi


Innate Abilities, Weirdness & Mutations

Your plain brown scales are hard. (AC +5)
You cannot fit into any form of body armour.
You are cold-blooded and may be slowed by cold attacks.


Message History

The orc throws a stone.
The stone hits you but does no damage.
You see here a stone.
The orc throws a stone.
The stone hits you but does no damage.
The orc priest drinks a potion.
The orc priest seems to speed up.
Your talons disappear.
A worker ant comes into view.
Found 4 gold pieces.
The orc priest calls down the wrath of Beogh upon you.
Pain shoots through your body!
The orc priest calls down the wrath of Beogh upon you.
Beogh smites you!
* * * LOW HITPOINT WARNING * * *
The orc priest looks encouraged for a moment.
Press: ? - help, v - describe, . - travel
Here: a worker ant The floor.
As you read the scroll labeled XEDEDD XOICU, it crumbles to dust.
You feel blessed for a moment.
It was a scroll of remove curse.
The worker ant bites you.
You die...

ZWZ.©#.#.# .. .##### ##o###'###..
######.#.# #. ..###...##..##..
.......#.# #.##.....##.##..
.#.....#.# #.#.......#.##..
.......#.# #....._.....####
.#####.#.# #.#.......#.# #.
.......#.# ##.##.....#### #.
.#######.#..#####...##...##.####.
.#.......#......@a...##.##.......
.#.#.............................
.#.#<.............#######.......#
.#.#......####..... .. #.#.###.#
.#.#......# #...$......#.#.###.#
..<.......# #...................
.#.#...###.# ####.#######.#.###.#
.#.#...# #.# .. #.# #.# .......#
#. #.# #..


You could see a worker ant.

Vanquished Creatures
  Natasha (D:2)
  3 adders (D:3)
  An ooze (D:3)
  2 worms (D:2)
  2 dart slugs
  2 leopard geckos (D:3)
  3 orcs (D:3)
  3 giant cockroaches
  2 goblins
  4 hobgoblins (D:2)
  9 bats
  6 frilled lizards
  4 kobolds
  5 rats
47 creatures vanquished.

Notes
Turn   | Place    | Note
-------+----------+-------------------------------------------
     0 | D:1      | 4FPSwarrior the Draconian Transmuter began the quest for the Orb.
     0 | D:1      | Reached XP level 1. HP: 16/16 MP: 3/3
   391 | D:1      | Reached XP level 2. HP: 20/23 MP: 3/5
   727 | D:1      | Found a snail-covered altar of Cheibriados.
  1182 | D:2      | Reached skill level 4 in Unarmed Combat
  1710 | D:2      | Reached XP level 3. HP: 28/28 MP: 3/6
  2214 | D:2      | Noticed Natasha
  2222 | D:2      | Killed Natasha
  2226 | D:2      | Learned a level 2 spell: Sticks to Snakes
  2275 | D:3      | Noticed P0WERM0DE's ghost (weakling DDFi)
  2277 | D:3      | Found a transporter.
  2277 | D:3      | Found a transporter.
  2368 | D:3      | Reached skill level 5 in Unarmed Combat
  2368 | D:3      | Reached XP level 4. HP: 35/35 MP: 5/7
  2373 | D:3      | Found an ancient bone altar of Kikubaaqudgha.
  2880 | D:3      | Found an ornate altar of the Wu Jian Council.
  2924 | D:3      | HP: 1/35 [orc priest/divine providence (10)]
  2926 | D:3      | Slain by a worker ant

Skill      XL: |  1  2  3 |
---------------+----------+-----
Unarmed Combat | 4 5 |  5.5
Fighting       | |  1.1
Dodging        | |  1.7
Spellcasting   | |  2.0
Transmutations | |  2.0

Action                   |  1- 3 |  4- 6 || total
-------------------------+-------+-------++-------
Melee: Unarmed           |   101 |    34 ||   135
       Headbutt          |    11 |     1 ||    12
       Kick              |     4 |     5 ||     9
       Punch             |     1 |       ||     1
       Tailslap          |     7 |     5 ||    12
Throw: Javelin           |     8 |     7 ||    15
       Stone             |     5 |       ||     5
 Cast: Beastly Appendage |    24 |    11 ||    35
  Use: Scroll            |       |     1 ||     1
 Stab: Sleeping          |     1 |       ||     1
  Eat: Chunk             |     5 |     2 ||     7
Armor: Skin              |    38 |     9 ||    47
Dodge: Dodged            |    76 |    17 ||    93
